Map: 사이버 포레스트 - 래더

Players

llllllllllll (Trap)

  • Race: Protoss Protoss
  • League: Master
  • Spawn Location: 11:00

Zest - Winner!

  • Race: Protoss Protoss
  • League: Master
  • Spawn Location: 5:00

VOD

Have the link to the VOD?

Description

Time

  • Played on: Aug. 8, 2019, 9:09 a.m.
  • Length: 9:44
Show
View Real Time Build Order
Export as new Build Order

llllllllllll Protoss 

Build Orders: Oracle Opening, Zealot Archon 

Get SALT Encoding   

  12  0:00  Probe  
  13  0:12  Probe  
  14  0:17  Pylon  
  14  0:24  Probe  
  15  0:32  Probe  
  15  0:37  Gateway  
  15  0:40  Probe  
  17  0:50  Probe  
  17  0:53  Assimilator  
  18  0:57  Assimilator  
  18  0:59  Probe  
  19  1:07  Probe, Gateway  
  20  1:17  Probe  
  20  1:24  Cybernetics Core  
  21  1:29  Probe  
  21  1:32  Pylon  
  22  1:41  Probe  
  23  1:53  Probe  
  24  2:00  Stalker x2  
  28  2:01  Warp Gate  
  28  2:13  Pylon  
  28  2:20  Pylon  
  28  2:32  Stargate  
  28  2:35  Stalker  
  30  2:41  Stalker  
  32  3:03  Oracle  
  29  3:16  Probe  
  33  3:22  Nexus  
  33  3:28  Probe  
  33  3:32  Oracle  
  34  3:40  Probe  
  38  3:47  Pylon  
  38  3:52  Probe  
  38  3:55  Robotics Facility  
  39  4:05  Probe  
  39  4:09  Adept x2  
  44  4:17  Probe  
  44  4:21  Shield Battery  
  45  4:29  Probe  
  46  4:41  Probe  
  46  4:45  Probe  
  47  4:51  Immortal  
  48  4:52  Forge  
  48  4:53  Probe x2  
  50  5:02  Probe, Assimilator  
  50  5:05  Assimilator  
  50  5:06  Probe  
  52  5:07  Protoss Ground Weapons Level 1  
  52  5:10  Probe  
  52  5:14  Pylon  
  52  5:18  Probe x2  
  54  5:23  Twilight Council  
  55  5:30  Observer, Probe x2  
  58  5:36  Adept x2  
  58  5:42  Probe x2  
  64  5:45  Pylon  
  64  5:56  Probe x2  
  66  5:58  Immortal  
  66  6:01  Charge  
  66  6:24  Photon Cannon  
  66  6:25  Stalker  
  68  6:26  Stalker, Gateway  
  68  6:27  Gateway  
  64  6:33  Templar Archives  
  64  6:38  Probe  
  64  6:42  Probe  
  64  6:47  Probe  
  63  6:53  Protoss Ground Weapons Level 2  
  63  6:56  Probe, Gateway  
  63  6:59  Gateway  
  64  7:01  Gateway  
  64  7:04  Gateway  
  64  7:13  High Templar x2  
  66  7:21  Archon  
  66  7:24  Pylon  
  66  7:27  Pylon, High Templar x2  
  70  7:33  Nexus  
  69  7:40  Photon Cannon  
  69  7:42  Probe x2  
  68  7:46  High Templar  
  70  7:52  Sentry  
  70  7:53  Archon, Zealot x2  
  76  8:02  Warp Prism  
  76  8:03  Zealot x3  
  82  8:05  Zealot  
  84  8:17  Pylon  
  86  8:23  Pylon  
  86  8:24  High Templar x2  
  90  8:28  Archon  
  90  8:29  Zealot  
  90  8:30  Zealot  
  93  8:37  Zealot x2  
  97  8:42  Zealot  
  87  8:56  Zealot x4  
  87  9:00  Zealot x4  
  87  9:01  Zealot  
  81  9:08  Zealot x2  
  69  9:13  Zealot  
  53  9:21  Zealot x2  
Show
View Real Time Build Order
Export as new Build Order

Zest Protoss - Winner!

Build Orders: Zealot Archon 

Get SALT Encoding   

  12  0:00  Probe  
  13  0:12  Probe  
  14  0:17  Pylon  
  14  0:23  Probe  
  15  0:32  Probe  
  15  0:36  Gateway  
  15  0:40  Probe  
  16  0:46  Assimilator  
  17  0:51  Probe  
  17  0:54  Assimilator  
  18  1:00  Probe  
  19  1:07  Gateway  
  19  1:08  Probe  
  19  1:17  Probe  
  20  1:23  Cybernetics Core  
  21  1:29  Probe  
  22  1:35  Pylon  
  22  1:41  Probe  
  23  1:53  Probe  
  24  2:00  Stalker, Warp Gate, Sentry  
  28  2:11  Pylon  
  28  2:27  Sentry  
  30  2:35  Sentry  
  32  2:40  Nexus  
  32  2:43  Probe  
  33  2:49  Shield Battery  
  33  2:55  Probe  
  34  3:08  Probe  
  33  3:17  Shield Battery  
  33  3:20  Probe, Robotics Facility  
  34  3:27  Pylon  
  34  3:32  Probe  
  35  3:43  Probe  
  36  3:48  Stalker x2, Probe  
  36  3:51  Probe  
  42  3:56  Probe  
  42  3:59  Probe  
  43  4:06  Probe  
  43  4:08  Observer  
  46  4:10  Probe  
  46  4:11  Stalker  
  46  4:12  Stalker  
  46  4:14  Pylon  
  51  4:19  Probe  
  51  4:23  Probe  
  53  4:28  Stargate  
  53  4:36  Stalker  
  53  4:37  Stalker  
  57  4:38  Shield Battery  
  57  4:45  Probe x2  
  55  4:56  Probe x2, Assimilator  
  55  4:57  Assimilator  
  57  5:03  Phoenix  
  57  5:04  Probe x2  
  57  5:12  Probe x2  
  61  5:16  Pylon  
  61  5:20  Phoenix  
  63  5:24  Probe x2  
  63  5:27  Pylon  
  67  5:35  Twilight Council  
  67  5:36  Forge  
  67  5:41  Phoenix  
  69  5:50  Pylon  
  69  5:59  Probe x2  
  71  6:04  Protoss Ground Weapons Level 1, Shield Battery  
  71  6:06  Phoenix  
  71  6:19  Stalker x2  
  71  6:25  Charge  
  74  6:32  Gateway  
  74  6:34  Gateway  
  74  6:35  Gateway  
  74  6:37  Gateway  
  74  6:38  Gateway x2  
  74  6:39  Templar Archives  
  74  6:47  Immortal  
  74  6:54  Pylon  
  74  7:00  Zealot x2  
  82  7:04  Pylon  
  82  7:08  Observer  
  80  7:21  Nexus  
  80  7:24  High Templar  
  80  7:25  High Templar  
  80  7:26  Warp Prism  
  86  7:31  Archon  
  86  7:36  High Templar x2, Zealot x2  
  94  7:44  Archon  
  94  7:45  Zealot x2  
  98  7:54  Pylon  
  98  7:58  Zealot x4  
  106  8:08  Pylon  
  106  8:21  High Templar x2, Zealot x4  
  106  8:25  Archon  
  112  8:58  Zealot x8  
  92  9:19  Zealot x2  
  92  9:20  High Templar, Zealot x2  
  92  9:21  High Templar x3  
  104  9:24  Archon  
  104  9:25  Archon  
Tags
 
Add a new tag
Caveats
  • Supply blocks, unpowered buildings, or Contaminate may cause inaccurate times.
  • Supply counts are checked every 10 seconds.